 Dungeon Crawl Stone Soup version 0.14-a0-1192-g192f278 (webtiles) character file.

392 Psiweapon the Sneak (level 6, -7/46 HPs)
             Began as a Naga Wizard on Dec 2, 2013.
             Mangled by an iguana (10 damage)
             ... on Level 4 of the Dungeon.
             The game lasted 00:24:07 (3947 turns).

Psiweapon the Sneak (Naga Wizard)                   Turns: 3947, Time: 00:24:07

HP  -7/46        AC  4     Str 12      XL: 6   Next: 12%
MP   1/16        EV  7     Int 18      God:
Gold 143         SH  0     Dex  9      Spells:  3 memorised,  7 levels left

rFire  + . .     SeeInvis +     v - +1,+2 orc dagger (vamp)
rCold  . . .     Clarity  .     j - +0 elf ring mail
rNeg   . . .     Conserve .     (no shield)
rPois  +         rCorr    .     b - +0 wizard hat
rElec  .         rRot     .     (no cloak)
SustAb . .       Spirit   .     (no gloves)
rMut   .         Warding  .     (no barding)
Saprov . . .     Stasis   .     o - amulet of rage
                                (no ring)
                                s - ring of protection from fire

@: invisible, very slightly contaminated, very slow, somewhat resistant to
hostile enchantments, stealthy
A: spit poison, see invisible, deformed body, poison resistance, slowness 2, AC
+2
a: Spit Poison, Evoke Berserk Rage


You were on level 4 of the Dungeon.
You were very hungry.

You visited 1 branch of the dungeon, and saw 4 of its levels.

You collected 143 gold pieces.

Inventory:

Hand weapons
 e - a +1,+2 short sword of draining
 l - a +0,-2 dagger
 n - a +0,+1 dwarven dagger
 v - a +1,+2 orcish vampiric dagger (weapon)
 w - a +0,+0 elven dagger
 y - a -1,+1 orcish flail
Missiles
 x - 22 darts (quivered)
 A - 3 tomahawks
Armour
 a - a +0 robe
 b - a +0 wizard hat (worn)
 j - a +0 elven ring mail (worn)
Comestibles
 d - 3 bread rations
 i - 4 meat rations
 z - a rotting chunk of orc flesh
 B - 3 rotting chunks of orc flesh
Scrolls
 g - 3 scrolls of teleportation
 k - a scroll of recharging {unknown}
 p - a scroll of enchant armour {unknown}
 C - a scroll of random uselessness {unknown}
Jewellery
 h - an uncursed ring of ice
 o - an amulet of rage (around neck)
 s - a ring of protection from fire (left hand)
Potions
 f - a potion of brilliance
 m - a potion of speed
 q - a potion of restore abilities
 t - a potion of agility
 u - a potion of resistance
 H - a potion of curing
Books
 c - a book of Minor Magic

   Spells                             Type                      Level
   *Magic Dart                        Conjuration                  1
   Blink                              Translocation                2
   *Call Imp                          Summoning                    2
   Repel Missiles                     Charms/Air                   2
   Slow                               Hexes                        2
   Conjure Flame                      Conjuration/Fire             3
   *Mephitic Cloud                    Conjuration/Poison/Air       3


   Skills:
 + Level 0.6 Short Blades
 - Level 2.1 Dodging
 + Level 5.7 Stealth
 - Level 4.0 Spellcasting
 + Level 2.7 Conjurations
 - Level 1.0 Summonings
   Level 1.0 Translocations
 + Level 2.3 Poison Magic


You had 7 spell levels left.
You knew the following spells:

 Your Spells              Type           Power        Failure   Level  Hunger
a - Magic Dart            Conj           ##..         6%          1    None
b - Call Imp              Summ           #.........   14%         2    ##.....
c - Mephitic Cloud        Conj/Pois/Air  #.......     24%         3    ###....


Dungeon Overview and Level Annotations

Branches:
Dungeon (4/16)
 Temple: D:4-7

Altars:

Annotations:
D:3 bronies4ever's ghost, average FoBe


Innate Abilities, Weirdness & Mutations

You cannot wear boots.
You can spit poison.
Your serpentine skin is tough (AC +2).
You have supernaturally acute eyesight.
Armour fits poorly on your strangely shaped body.
Your system is resistant to poisons.
You cover ground very slowly.


Message History

Press: ? - help, Shift-Dir - straight line, f - orc, p - orc
Aim: an orc (almost dead, bewildered and confused)
The magic dart hits the orc.
You kill the orc!
The iguana seems less confused.
The orc is engulfed in noxious fumes.
The orc appears confused.
The orc is engulfed in noxious fumes.
The orc appears confused.
The orc wizard points at you and mumbles some strange words.
The puff of flame hits you! You resist.
* * * LOW HITPOINT WARNING * * *
You hit the orc but do no damage. The iguana bites you!
* * * LOW HITPOINT WARNING * * *
There is a stone staircase leading down here.
Drink which item? (? for menu, Esc to quit)
You fade into invisibility!
The iguana bites you but does no damage.
The orc wizard hits you with an orcish dagger.
* * * LOW HITPOINT WARNING * * *
The orc closely misses the iguana.
The iguana bites you!
You die...

.............###.......(.#.......
.................................
.................................
.................................
..........<......................
................#.............#..
.............#...........#...#...
..#....[.....#...........####....
.............##.@........# #.....
.##.#..##......l......#... #.....
..#...#.......o.......# ##.#.#
...#.#.......o......... #####
.#####.##...##........
####..(###...... ##)(###......
#........... #...........


You could see an iguana, an orc wizard and an orc (confused).

Vanquished Creatures
  An orc wizard (D:4)
  8 adders
  A giant mite (D:1)
  4 giant geckos
  An ooze (D:2)
  10 orcs
  2 giant cockroaches
  9 hobgoblins
  3 jackals
  5 kobolds (D:2)
  3 quokkas
  6 bats
  2 giant newts (D:3)
  5 goblins
  A kobold skeleton (D:4)
  6 rats
67 creatures vanquished.

Vanquished Creatures (collateral kills)
  An ogre (D:4)
  A worm (D:2)
  An orc (D:3)
  A ball python (D:1)
  2 hobgoblins (D:2)
  A kobold (D:1)
  A quokka (D:4)
8 creatures vanquished.

Grand Total: 75 creatures vanquished

Notes
Turn   | Place    | Note
--------------------------------------------------------------
     0 | D:1      | Psiweapon, the Naga Wizard, began the quest for the Orb.
     0 | D:1      | Reached XP level 1. HP: 13/13 MP: 5/5
    72 | D:1      | Reached XP level 2. HP: 15/20 MP: 5/7
   146 | D:1      | Learned a level 2 spell: Call Imp
   953 | D:2      | Reached XP level 3. HP: 23/26 MP: 1/9
  1358 | D:2      | Learned a level 3 spell: Mephitic Cloud
  1657 | D:2      | Reached skill level 4 in Stealth
  1913 | D:2      | Reached XP level 4. HP: 27/33 MP: 7/11
  2738 | D:3      | Reached skill level 1 in Poison Magic
  2971 | D:4      | Reached XP level 5. HP: 39/39 MP: 9/13
  3207 | D:3      | Noticed bronies4ever's ghost (average FoBe)
  3391 | D:4      | Noticed an ogre
  3409 | D:4      | Killed an ogre
  3409 | D:4      | Reached skill level 5 in Stealth
  3542 | D:4      | Reached XP level 6. HP: 35/46 MP: 1/16
  3946 | D:4      | HP: 2/46 [orc wizard/orcish dagger (1)]
  3947 | D:4      | Mangled by an iguana

Action                   |  1- 3 |  4- 6 || total
-------------------------+-------+-------++-------
Melee: Short sword       |     3 |     9 ||    12
       Dagger            |    52 |    62 ||   114
Throw: Dart              |       |     1 ||     1
 Cast: Magic Dart        |    35 |    58 ||    93
       Call Imp          |     8 |     9 ||    17
       Mephitic Cloud    |     4 |    12 ||    16
 Abil: Spit Poison       |    21 |    15 ||    36
  Use: Scroll            |     3 |     8 ||    11
       Potion            |       |     1 ||     1
 Stab: Sleeping          |     2 |     1 ||     3
       Confused          |     1 |       ||     1
